 Dungeon Crawl Stone Soup version 0.30.1-4-g462c640d31 (webtiles) character file.

Game seed: 15328902833925030346

1166 mason12 the Poker (level 8, -3/48 HPs)
             Began as a Tengu Berserker on Sept 8, 2023.
             Was a Priest of Trog.
             Shot with a sling bullet by a human (7 damage)
             ... on level 6 of the Dungeon.
             The game lasted 00:39:31 (5307 turns).

mason12 the Poker (Tengu Berserker)                 Turns: 5307, Time: 00:39:31

Health: -3/48      AC:  4    Str: 18    XL:     8   Next: 40%
Magic:  0/9        EV: 15    Int:  8    God:    Trog [***...]
Gold:   304        SH:  0    Dex: 15    Spells: 7/7 levels left

rFire   . . .        i - +2 trident (freeze) {frostmoc}
rCold   . . .        (no shield)
rNeg    . . .        o - +0 troll leather armour {Pargi}
rPois   .            (helmet restricted)
rElec   .            (no cloak)
rCorr   .            (no gloves)
SInv    .            (boots unavailable)
Will    .....        k - amulet of guardian spirit
Stlth   ++           (no ring)
HPRegen 1.08/turn    (no ring)
MPRegen 0.11/turn

%: guardian spirit
@: about to teleport, flying quickly and evasively, quick
A: beak, talons 3, nimble flight
a: Renounce Religion, Berserk, Trog's Hand


You were on level 6 of the Dungeon.
You worshipped Trog.
Trog was most pleased with you.
You visited 1 branch of the dungeon, and saw 6 of its levels.
You also visited: Sewer.

You collected 304 gold pieces.

Inventory:

Hand Weapons
 a - a +0 mace
 i - a +2 trident of freezing (weapon) {frostmoc}
 s - a +0 hand axe
 u - a +0 long sword
 x - a +0 broad axe
 y - a +1 dagger of flaming
Missiles
 F - 4 javelins (quivered)
Armour
 b - a +0 animal skin
 e - a +2 helmet
 f - a +0 chain mail
 o - a +0 troll leather armour (worn) {Pargi}
Magical Staves
 E - a staff of poison
Jewellery
 h - a +6 ring of intelligence
 k - an amulet of guardian spirit (around neck)
 m - an amulet of faith
 n - a +6 ring of intelligence
Wands
 t - a wand of iceblast (3)
 v - a wand of paralysis (7)
 C - a wand of flame (18)
Scrolls
 c - 2 scrolls of teleportation
 w - 3 scrolls of fear
 D - a scroll of immolation
Potions
 d - 2 potions of flight {unknown}
 g - 3 potions of brilliance {unknown}
 j - a potion of magic {unknown}
 l - a potion of attraction {unknown}
 p - a potion of degeneration {unknown}
 q - 2 potions of heal wounds {unknown}
 z - 4 potions of cancellation
 A - 2 potions of invisibility {unknown}
 B - a potion of haste {unknown}


   Skills:
 + Level 4.8 Fighting
 + Level 0.7 Long Blades
 + Level 4.8 Maces & Flails
 + Level 5.3 Polearms
 + Level 5.0 Armour
 + Level 3.6 Dodging
 + Level 1.2 Stealth
 * Level 3.5 Evocations


You had 7 spell levels left.
You didn't know any spells.
Your spell library contained the following spells:

 Spells                   Type           Power      Damage    Failure   Level
 Sublimation of Blood     Necr           0%         N/A       61%         2
 Dazzling Flash           Conj/Hex       0%         N/A       83%         3
 Ozocubu's Armour         Ice            0%         N/A       83%         3
 Volatile Blastmotes      Fire/Tloc      0%         2d10      83%         3
 Iskenderun's Mystic Bla  Conj/Tloc      0%         2d3       99%         4
 Petrify                  Tmut/Erth      0%         N/A       99%         4
 Irradiate                Conj/Tmut      0%         3d11      100%        5
 Metabolic Englaciation   Hex/Ice        0%         N/A       100%        5
 Simulacrum               Ice/Necr       0%         N/A       100%        6
 Starburst                Conj/Fire      0%         6d3       100%        6


Dungeon Overview and Level Annotations

Branches:
Dungeon (6/15)              Sewer (visited)
 Temple: D:4-7

Altars:
Cheibriados
Hepliaklqana
Yredelemnul

Shops:
D:2 *

Annotations:
D:6 Maggie


Innate Abilities, Weirdness & Mutations

You have a beak for a mouth.
You have claws for feet.
Your magical nature lets you fly swiftly and evasively.


Message History

You hear the hiss of a distant avalanche of sand.
The human shoots a sling bullet.
The sling bullet hits you!
* * * LOW HITPOINT WARNING * * *
The human shoots a sling bullet.
The sling bullet hits you!
* * * LOW HITPOINT WARNING * * *
You feel better.
The human shoots a sling bullet.
The sling bullet closely misses you.
You feel better.
Your skin stops crawling.
You feel less strong-willed.
The human shoots a sling bullet.
The sling bullet misses you.
The human shoots a sling bullet.
The sling bullet hits you.
The human unwields a +0 sling.
The human hits you.
The human unwields a +0 sling.
The human hits you. The human barely misses you.
You hit the human but do no damage. Your kick misses the human.
Your punch misses the human. The human hits you. The human barely misses you.
You hit the human but do no damage. You claw the human, but do no damage.
Your peck misses the human. The human hits you. The human closely misses you.
You hit the human. You freeze the human.
The human is moderately wounded.
The human hits you. x2
You barely miss the human.
The human is moderately wounded.
The human hits you. The human misses you.
You puncture the human! You freeze the human.
The human is severely wounded.
The human barely misses you. The human hits you!
* * * LOW HITPOINT WARNING * * *
You hit the human. You freeze the human. Your kick misses the human.
The human is almost dead.
The human hits you.
* * * LOW HITPOINT WARNING * * *
The human misses you.
As you read the scroll of teleportation, it crumbles to dust.
You feel strangely unstable. The human hits you.
* * * LOW HITPOINT WARNING * * *
The human hits you.
* * * LOW HITPOINT WARNING * * *
The human wields a +0 sling.
The human shoots a sling bullet.
The sling bullet hits you!
You die...

#.#....#
#......#
###....#
#....# ##...#
###.#########
#.........#
#.........#
#.p.@.....#
###.#####.#
#p# #S# #..
#... ##...
.### .#


You could see 2 humans and an adder.

Vanquished Creatures
  A human (D:6)
  Pargi (D:4)
  A black bear (D:5)
  An ice beast (D:5)
  An ogre (D:5)
  A phantom (D:4)
  A bullfrog (D:6)
  2 scorpions
  2 jellies (D:5)
  A hound (D:6)
  An iguana (D:6)
  2 orc wizards (D:4)
  4 gnolls
  6 adders
  A river rat (D:4)
  An ufetubus (D:6)
  3 worms
  A dart slug (D:2)
  14 orcs
  11 bats
  6 endoplasms
  6 giant cockroaches
  3 goblins
  4 hobgoblins
  2 jackals (D:2)
  3 quokkas
  6 ball pythons
  6 frilled lizards
  8 kobolds
  8 rats
108 creatures vanquished.

Notes
Turn   | Place    | Note
-------+----------+-------------------------------------------
     0 | D:1      | mason12 the Tengu Berserker began the quest for the Orb.
     0 | D:1      | Reached XP level 1. HP: 14/14 MP: 2/2
   130 | D:1      | Found a faded altar of an unknown god.
   145 | D:1      | Reached XP level 2. HP: 14/19 MP: 3/3
   722 | D:1      | Reached XP level 3. HP: 20/23 MP: 4/4
  1472 | D:2      | Reached ** piety under Trog
  1735 | D:2      | Reached XP level 4. HP: 29/29 MP: 5/5
  1738 | D:2      | Found Nuipsosh's Assorted Antiques.
  2633 | D:3      | Found a hazy altar of Hepliaklqana.
  2633 | D:3      | Found a basalt altar of Yredelemnul.
  2717 | D:3      | Found a snail-covered altar of Cheibriados.
  3244 | D:4      | Gained mutation: Your magical nature lets you fly swiftly
                  | and evasively. [Tengu growth]
  3244 | D:4      | Reached XP level 5. HP: 33/33 MP: 6/6
  3366 | D:4      | Noticed a phantom
  3376 | D:4      | Killed a phantom
  3377 | D:4      | Reached skill level 1 in Evocations
  3480 | D:4      | Reached *** piety under Trog
  3481 | D:4      | Reached skill level 1 in Polearms
  3481 | D:4      | Reached XP level 6. HP: 17/38 MP: 3/7
  3578 | D:4      | Found a glowing drain.
  3704 | Sewer    | Entered a sewer
  3735 | Sewer    | Noticed Pargi
  3765 | D:4      | Killed Pargi
  4656 | D:5      | Entered Level 5 of the Dungeon
  4683 | D:5      | Noticed a black bear
  4719 | D:5      | Killed a black bear
  4720 | D:5      | Reached XP level 7. HP: 43/43 MP: 8/8
  5108 | D:6      | Reached skill level 5 in Armour
  5111 | D:6      | Reached XP level 8. HP: 43/48 MP: 7/9
  5161 | D:6      | Noticed Maggie
  5219 | D:6      | Reached skill level 1 in Stealth
  5286 | D:6      | Reached skill level 5 in Polearms
  5307 | D:6      | Shot with a sling bullet by a human

Illustrated notes

Levels and vault maps discovered:
D:1:      dpeg_arrival_round_a, layout_basic,
          chequers_ecumenical_altar_simple_redux,
          chequers_serial_rivers_micro_a, hangedman_decor_points,
          palyth_stone_intersect, minmay_misc_feat_enclosed
D:2:      layout_basic, serial_shops, shop, st_stairs_2
D:3:      layout_loops_ring, gammafunk_temple_overflow_statue,
          cheibrodos_worm_habitat, hangedman_decor_diamond_cutter,
          chequers_serial_rivers_small_3
D:4:      layout_loops_corners, portal_sewer_entry_a
D:5:      layout_loops_ring
D:6:      layout_basic, lemuel_doored_altar, nicolae_ossuary_entry_ruins,
          minmay_ruffians, uniq_maggie

Skill      XL: |  1  2  3  4  5  6  7  8 |
---------------+-------------------------+-----
Maces & Flails | 4 |  4.8
Armour         | 3 4 5 |  5.0
Evocations     | 1 2 3 |  3.5
Polearms       | 1 3 4 5 |  5.3
Fighting       | 4 |  4.8
Dodging        | 3 |  3.6
Stealth        | 1 |  1.2
Long Blades    | |  0.7

Action                     |  1- 3 |  4- 6 |  7- 9 || total
---------------------------+-------+-------+-------++-------
  Melee: Mace              |    90 |    11 |       ||   101
         Kick              |    19 |    22 |    18 ||    59
         Peck              |    13 |    14 |    12 ||    39
         Long sword        |       |    21 |       ||    21
         Hand axe          |       |    12 |       ||    12
         Trident           |       |    70 |    81 ||   151
         Punch             |       |       |     1 ||     1
 Invoke: Trog's Hand       |       |       |     1 ||     1
  Evoke: Wand              |       |     5 |     5 ||    10
    Use: Scroll            |       |     7 |     3 ||    10
         Potion            |       |       |     2 ||     2
 Armour: Animal skin       |    17 |       |       ||    17
         Chain mail        |    59 |    87 |       ||   146
         Troll leather arm |       |     5 |     4 ||     9
  Dodge: Dodged            |   104 |    81 |    79 ||   264
